 Dungeon Crawl Stone Soup version 0.20-a0-1089-g3fde505 (webtiles) character file.

56 Jarlath the Chiller (level 3, -3/19 HPs)
             Began as a Deep Elf Ice Elementalist on May 3, 2017.
             Killed from afar by Sigmund (8 damage)
             ... with a magic dart
             ... on level 3 of the Dungeon.
             The game lasted 00:01:17 (1260 turns).

Jarlath the Chiller (Deep Elf Ice Elementalist)     Turns: 1260, Time: 00:01:17

Health: -3/19      AC:  3    Str:  5    XL:     3   Next: 71%
Magic:  5/10       EV: 13    Int: 20    God:
Gold:   19         SH:  0    Dex: 15    Spells: 5/9 levels left

rFire    . . .     SeeInvis .   (no weapon)
rCold    . . .     Gourm    .   (no shield)
rNeg     . . .     Faith    .   a - +0 robe
rPois    .         Spirit   .   (no helmet)
rElec    .         Reflect  .   (no cloak)
rCorr    .         Harm     .   (no gloves)
MR       .....                  f - +0 pair of boots {run}
Stlth    ++........             (no amulet)
Regen    0.1/turn               (no ring)
MPRegen  0.2/turn               (no ring)

@: quick
A: no striking features
a: no special abilities


You were on level 3 of the Dungeon.
You were not hungry.

You visited 1 branch of the dungeon, and saw 4 of its levels.

You collected 19 gold pieces.

Inventory:

Armour
 a - a +0 robe (worn)
 f - a +0 pair of boots of running (worn)
Scrolls
 d - 3 scrolls of enchant armour {unknown}
Books
 b - a book of Frost

   Spells                             Type                      Level
   a - Freeze                         Ice                          1
   b - Throw Frost                    Conjuration/Ice              2
   c - Ozocubu's Armour               Charms/Ice                   3
   d - Throw Icicle                   Conjuration/Ice              4
   e - Summon Ice Beast               Ice/Summoning                4
 e - a book of Cantrips

   Spells                             Type                      Level
   a - Confusing Touch                Hexes                        1
   b - Animate Skeleton               Necromancy                   1
   c - Summon Small Mammal            Summoning                    1
   d - Apportation                    Translocation                1
Comestibles
 h - 2 meat rations


   Skills:
 - Level 2.4 Dodging
 - Level 2.4 Stealth
 + Level 3.9 Spellcasting
   Level 1.1 Conjurations
 * Level 4.7 Ice Magic


You had 5 spell levels left.
You knew the following spells:

 Your Spells              Type           Power        Failure   Level  Hunger
a - Freeze                Ice            ###.         1%          1    None
b - Ozocubu's Armour      Chrm/Ice       ##......     14%         3    ###....


Dungeon Overview and Level Annotations

Branches:
Dungeon (4/15)
 Temple: D:4-7

Altars:
Wu Jian

Annotations:
D:3 Sigmund


Message History

You resist with some effort.
Casting: Freeze
Confirm with . or Enter, or press ? or * to list all spells.
Aiming: Freeze
Press: ? - help, Shift-Dir - straight line, f/p - Sigmund
Aim: Sigmund, wielding a scythe, wearing a robe and wearing a small iron ring (severely wounded)
You freeze Sigmund.
Sigmund is severely wounded.
Sigmund drinks a potion.
Sigmund is healed!
Casting: Freeze
Confirm with . or Enter, or press ? or * to list all spells.
Aiming: Freeze
Press: ? - help, Shift-Dir - straight line, f/p - Sigmund
Aim: Sigmund, wielding a scythe, wearing a robe and wearing a small iron ring You freeze Sigmund.
Sigmund is lightly wounded.
The goblin shouts!
Sigmund gestures at you while chanting. The magic dart hits you!
You die...

#....# #.##.# #.........##
#.##.## # ##.g........
#.##.)####.# #..........## .
#.###......# #.....@..... #..
#.##....#####........... #.##
#....##.####..##...<....#
#...##..####....@.# #.....#.#$.
####..#..#####..@######.......b..
............#...........#..####..
.####.#.#....>.###..####...######
.####...##.......................
...#....................#.....###
................###...###.....#
#..)............#####(........#
#.............................#
#...............#.......##....#


You could see Sigmund and a goblin.

Vanquished Creatures
  An orc wizard (D:3)
  A worm (D:3)
  3 orcs
  2 bats
  2 giant cockroaches (D:3)
  2 goblins
  A hobgoblin (D:3)
  3 jackals (D:2)
  2 frilled lizards
  A kobold (D:3)
  2 rats
20 creatures vanquished.

Notes
Turn   | Place    | Note
-------+----------+-------------------------------------------
     0 | D:1      | Jarlath the Deep Elf Ice Elementalist began the quest for the Orb.
     0 | D:1      | Reached XP level 1. HP: 10/10 MP: 6/6
   108 | D:2      | Identified a +0 pair of boots of running (You found it on level 2 of the Dungeon)
   283 | D:3      | Noticed an orc wizard
   286 | D:3      | Noticed Sigmund
   291 | D:3      | Reached XP level 2. HP: 14/15 MP: 5/8
   337 | D:2      | Reached skill level 4 in Ice Magic
   696 | D:3      | Reached XP level 3. HP: 15/19 MP: 3/10
   853 | D:3      | Learned a level 3 spell: Ozocubu's Armour
   902 | D:3      | Found an ornate altar of the Wu Jian Council.
  1260 | D:3      | Killed from afar by Sigmund

Vault maps used:
D:1:      matt_arrival_los_fun, kennysheep_crisscross
D:2:      first_bread, minivault_24, uniq_robin
D:3:      overflow_temple_1_default, lemuel_round_altar, uniq_sigmund
D:4:      grunt_temple_overflow_opulence, temple_fountains, serial_undead,
          serial_undead_d, serial_undead_f, serial_undead_f, serial_undead_d,
          serial_undead_b, serial_undead_d, serial_undead_b

Skill      XL: |  1  2 |
---------------+-------+-----
Ice Magic      | 4 |  4.7
Dodging        | |  2.4
Stealth        | |  2.4
Spellcasting   | |  3.9
Conjurations   | |  1.1

Action                   || total
-------------------------++-------
Melee: Unarmed           ||     3
 Cast: Freeze            ||    45
       Ozocubu's Armour  ||     2
  Use: Potion            ||     1
  Eat: Bread ration      ||     1
Armor: Robe              ||     7
       Skin              ||     2
Dodge: Dodged            ||    28
